 Dungeon Crawl Stone Soup version 0.19-a0-644-gd04d753 (webtiles) character file.

132 dynamoDes the Chopper (level 4, -7/37 HPs)
             Began as a Minotaur Gladiator on Apr 27, 2016.
             Mangled by a gnoll
             ... wielding a +0 halberd
              (14 damage)
             ... on level 3 of the Dungeon on June 14, 2016.
             The game lasted 00:07:27 (1768 turns).

dynamoDes the Chopper (Minotaur Gladiator)          Turns: 1768, Time: 00:07:28

Health: -7/37      AC:  4    Str: 19    XL:     4   Next: 92%
Magic:  3/3        EV: 13    Int:  5    God:
Gold:   48         SH:  0    Dex: 12    Spells: 0 memorised, 3 levels left

rFire  . . .     SeeInvis .     a - +0 war axe
rCold  . . .     Gourm    .     b - +0 leather armour
rNeg   . . .     Faith    .     (no shield)
rPois  .         Spirit   .     c - +0 hat
rElec  .         Dismiss  .     (no cloak)
rCorr  .         Reflect  .     (no gloves)
SustAt .         Harm     .     j - +0 pair of boots
MR     .....                    (no amulet)
Stlth  +.........               (no ring)
                                (no ring)

@: not resistant to hostile enchantments, very unstealthy
A: retaliatory headbutt, horns 2
a: no special abilities


You were on level 3 of the Dungeon.
You were not hungry.

You visited 1 branch of the dungeon, and saw 3 of its levels.

You collected 48 gold pieces.

Inventory:

Hand Weapons
 a - a +0 war axe (weapon)
 m - a +1 dagger of holy wrath
Missiles
 d - 3 throwing nets (quivered)
Armour
 b - a +0 leather armour (worn)
 c - a +0 hat (worn)
 j - a +0 pair of boots (worn)
 k - a +0 leather armour
Scrolls
 e - 2 scrolls of identify
 l - a scroll of blinking {unknown}
 n - a scroll of enchant weapon {unknown}
Potions
 i - a potion of lignification {unknown}
 o - 2 potions of might
Comestibles
 f - 2 bread rations
 g - a slice of pizza
 h - 6 fruits
 p - 3 chunks of flesh


   Skills:
 - Level 2.8 Fighting
 * Level 5.5 Axes
 - Level 2.3 Throwing
 - Level 1.4 Armour
 - Level 4.1 Dodging


You had 3 spell levels left.
You didn't know any spells.

Dungeon Overview and Level Annotations

Branches:
Dungeon (3/15)

Altars:
Elyvilon


Innate Abilities, Weirdness & Mutations

You reflexively headbutt those who attack you in melee.
You have a pair of horns on your head.


Message History

The gnoll completely misses you. The gnoll hits you!
* * * LOW HITPOINT WARNING * * *
The gnoll closely misses you.
You are too injured to fight recklessly!
You are too injured to fight recklessly!
You are too injured to fight recklessly!
You are too injured to fight recklessly!
You closely miss the gnoll. Your headbutt misses the gnoll.
The gnoll is almost dead.
You closely miss the gnoll.
The gnoll is severely wounded.
The gnoll hits you with a spear.
* * * LOW HITPOINT WARNING * * *
The gnoll closely misses you. x2
You hit the gnoll.
You kill the gnoll!
You hit the gnoll.
You kill the gnoll!
The gnoll hits you from afar with a halberd!
You die...

#.## ...# #. #.# .# #. ..##
## #. #.# .# ... ..# ..# #.
#.#####.##.# ..# ⌠.# #.
#.#........# ..# ..# ### #.
#.#.#..... .>##.#
##...#.###.#.#.#.#
.....#####.....)).........#
..............g†@.........#
.....#####.....####.#.##..#
.......# ##... #.#.##..#
....##.#####. ##.#.##..#
....##.....# .........#
......(### ....###.##
##.....# ###.# #.#
.......#### .######.###.#
..........# .....>......#


You could see a gnoll.

Vanquished Creatures
  Ijyb (D:2)
  2 gnolls (D:3)
  3 adders (D:2)
  2 worms
  A dart slug (D:1)
  A giant gecko (D:1)
  An orc (D:3)
  7 bats
  A giant cockroach (D:2)
  4 goblins
  9 hobgoblins
  4 jackals (D:2)
  6 kobolds
  3 quokkas
  3 giant newts
  3 rats
51 creatures vanquished.

Notes
Turn   | Place    | Note
--------------------------------------------------------------
     0 | D:1      | dynamoDes the Minotaur Gladiator began the quest for the Orb.
     0 | D:1      | Reached XP level 1. HP: 18/18 MP: 0/0
   243 | D:1      | Reached XP level 2. HP: 6/25 MP: 1/1
   879 | D:1      | Upgraded the game from 0.19-a0 to 0.19-a0-644-gd04d753
   936 | D:2      | Reached skill level 4 in Axes
  1040 | D:2      | Reached XP level 3. HP: 27/30 MP: 2/2
  1072 | D:2      | Reached skill level 1 in Armour
  1394 | D:2      | Reached XP level 4. HP: 37/37 MP: 3/3
  1449 | D:2      | Noticed Ijyb
  1460 | D:2      | Killed Ijyb
  1505 | D:2      | Reached skill level 5 in Axes
  1688 | D:3      | Found a white marble altar of Elyvilon.
  1768 | D:3      | Mangled by a gnoll

Vault maps used:
D:1:      dpeg_arrival_shrine, kennysheep_flooded_box
D:2:      first_bread, serial_bayou_pond_d, uniq_iyjb
D:3:      elyvilon_altar_1

Skill      XL: |  1  2  3  4 |
---------------+-------------+-----
Axes           | 4 5 |  5.5
Armour         | 1 |  1.4
Dodging        | 4 |  4.1
Fighting       | |  2.8
Throwing       | |  2.3

Action                   |  1- 3 |  4- 6 || total
-------------------------+-------+-------++-------
Melee: War axe           |    79 |    30 ||   109
       Headbutt          |    11 |     6 ||    17
  Use: Scroll            |       |     1 ||     1
 Stab: Sleeping          |     2 |       ||     2
  Eat: Chunk             |     2 |     1 ||     3
Armor: Leather armour    |    28 |    10 ||    38
Dodge: Dodged            |    58 |    15 ||    73
